 Dungeon Crawl Stone Soup version 0.24.0-13-gcf9b319 (webtiles) character file.

Game seed: 9439766010959651307, levelgen mode: deterministic

395 Fang the Skirmisher (level 6, 0/40 HPs)
             Began as a Gargoyle Berserker on Nov 25, 2019.
             Was a Priest of Trog.
             Killed by divine providence
             ... invoked by an orc priest
              (12 damage)
             ... on level 4 of the Dungeon.
             The game lasted 00:02:54 (2723 turns).

Fang the Skirmisher (Gargoyle Berserker)            Turns: 2723, Time: 00:02:54

Health: 0/40       AC: 13    Str: 22    XL:     6   Next: 82%
Magic:  6/6        EV: 10    Int:  8    God:    Trog [***...]
Gold:   240        SH:  0    Dex: 13    Spells: 5/5 levels left

rFire    . . .     SeeInvis .   a - +0 war axe
rCold    . . .     Gourm    .   (no shield)
rNeg     + . .     Faith    .   b - +0 chain mail
rPois    ∞         Spirit   .   (no helmet)
rElec    +         Reflect  .   (no cloak)
rCorr    .         Harm     .   (no gloves)
MR       .....                  (no boots)
Stlth    ..........             (no amulet)
HPRegen  0.13/turn              m - +1 ring of evasion
MPRegen  0.10/turn              n - +4 ring of dexterity

@: berserk cooldown, slowed, very slow
A: negative energy resistance 1, electricity resistance, unbreathing,
petrification resistance, rot immunity, AC +4
a: Berserk, Trog's Hand, Renounce Religion


You were on level 4 of the Dungeon.
You worshipped Trog.
Trog was most pleased with you.
You were very hungry.

You visited 1 branch of the dungeon, and saw 4 of its levels.

You collected 240 gold pieces.

Inventory:

Hand Weapons
 a - a +0 war axe (weapon)
Armour
 b - a +0 chain mail (worn)
Jewellery
 m - a +1 ring of evasion (left hand)
 n - a +4 ring of dexterity (right hand)
 r - an uncursed ring of ice {unknown}
Scrolls
 d - a scroll of noise {unknown}
 e - 2 scrolls of identify {unknown}
 g - a scroll of magic mapping {unknown}
 h - 2 scrolls of remove curse {unknown}
 l - 3 scrolls of teleportation {unknown}
 o - a scroll of fear {unknown}
 p - a scroll of fog {unknown}
 q - 4 scrolls of amnesia {unknown}
Potions
 f - 2 potions of haste {unknown}
 i - 3 potions of lignification {unknown}
 j - 2 potions of brilliance {unknown}
 k - a potion of heal wounds {unknown}
 s - a potion of degeneration {unknown}
 t - a potion of curing {unknown}
Comestibles
 c - 7 rations


   Skills:
 + Level 4.9 Fighting
 + Level 4.1 Axes
 + Level 4.2 Armour
 + Level 3.1 Dodging


You had 5 spell levels left.
You didn't know any spells.
Your spell library was empty.

Dungeon Overview and Level Annotations

Branches:
Dungeon (4/15)
 Temple: D:4-7

Altars:


Innate Abilities, Weirdness & Mutations

You are resistant to torment.
Your stone body is resilient. (AC +4)
You are immune to poison.
You resist negative energy. (rN+)
You are resistant to electric shocks. (rElec)
You can survive without breathing.
You are immune to petrification.
You are immune to rotting.


Message History

The orc priest is heavily wounded.
You barely miss the adder.
The orc priest hits you but does no damage.
The adder misses you.
You closely miss the orc priest.
The orc priest is heavily wounded.
You barely miss the adder. The orc closely misses you.
The adder bites you but does no damage.
The orc priest hits you but does no damage.
You barely miss the orc priest.
The orc priest is heavily wounded.
You miss the adder.
You are no longer berserk.
You are exhausted.
You feel yourself slow down. The adder bites you but does no damage.
The orc hits you from afar with a +0 trident.
* * * LOW HITPOINT WARNING * * *
The orc priest mumbles some strange prayers to Beogh against you.
Beogh smites you!
You die...

...#..####.............# ..
................#....#.# ...
.....###...#.##...##.#.#....
....###..###.#..####......#
....# ..# ....## #......#
...## .# ....# ###...##...
##.# .#..### ####....## ###
##.# .... #.....#..#
#..##..## #)@.####.#
#.##..... #oSo## .# #.....#
........ .. #.....#
.......... ..# ...####
........... .# .#.##
.......>.... ....##
............. .....##
.............# ......#


You could see an orc priest, an adder and an orc.

Vanquished Creatures
  Grinder (D:4)
  A worker ant (D:4)
  7 adders
  A shadow imp (D:4)
  An ooze (D:2)
  3 worms
  6 dart slugs
  A leopard gecko (D:3)
  4 orcs
  A ball python (D:1)
  2 giant cockroaches
  6 goblins
  7 hobgoblins
  4 jackals (D:2)
  7 kobolds
  2 quokkas (D:3)
  15 bats
  12 rats
81 creatures vanquished.

Notes
Turn   | Place    | Note
-------+----------+-------------------------------------------
     0 | D:1      | Fang the Gargoyle Berserker began the quest for the Orb.
     0 | D:1      | Reached XP level 1. HP: 14/14 MP: 1/1
   324 | D:1      | Reached XP level 2. HP: 12/19 MP: 2/2
   686 | D:1      | Reached XP level 3. HP: 20/23 MP: 3/3
  1389 | D:2      | Reached ** piety under Trog
  1389 | D:2      | Reached XP level 4. HP: 19/29 MP: 4/4
  2190 | D:3      | Reached XP level 5. HP: 33/33 MP: 5/5
  2276 | D:3      | Reached *** piety under Trog
  2622 | D:4      | Noticed Grinder
  2625 | D:4      | Paralysed by Grinder for 3 turns
  2640 | D:4      | Killed Grinder
  2640 | D:4      | Reached XP level 6. HP: 40/40 MP: 6/6
  2723 | D:4      | Killed from afar by an orc priest

Levels and vault maps discovered:
D:1:      psy_arrival_radial01, layout_basic, minmay_domino_2
D:2:      layout_loops_ring
D:3:      layout_rooms
D:4:      layout_rooms, serial_shops, shop_statue, biasface_ghost_orc_armoury,
          first_ration, cheibrodos_sewer_entry_bend, serial_bayou_crossing,
          uniq_grinder

Skill      XL: |  1  2  3  4  5 |
---------------+----------------+-----
Axes           | 3 4 |  4.1
Dodging        | 2 3 |  3.1
Armour         | 3 4 |  4.2
Fighting       | 4 |  4.9

Action                   |  1- 3 |  4- 6 || total
-------------------------+-------+-------++-------
Melee: Hand axe          |   103 |    46 ||   149
       War axe           |       |   117 ||   117
Invok: Berserk           |     1 |     2 ||     3
 Stab: Sleeping          |     1 |       ||     1
  Eat: Chunk             |     1 |     7 ||     8
Armor: Animal skin       |    42 |    21 ||    63
       Chain mail        |       |    93 ||    93
Dodge: Dodged            |    82 |   122 ||   204
